 Dungeon Crawl Stone Soup version 0.28.0-47-ge53b351184 (webtiles) character file.

Game seed: 15328117004629477889

277 Woods the Magician (level 6, -4/33 HPs)
             Began as a Deep Elf Conjurer on Apr 27, 2022.
             Was an Initiate of Ashenzari.
             Slain by Duvessa
             ... wielding a +2 short sword of venom
              (10 damage)
             ... on level 5 of the Dungeon.
             The game lasted 00:07:36 (4557 turns).

Woods the Magician (Deep Elf Conjurer)              Turns: 4557, Time: 00:07:37

Health: -4/33      AC:  2    Str:  4    XL:     6   Next: 4%
Magic:  7/17       EV: 12    Int: 25    God:    Ashenzari [......]
Gold:   197        SH:  0    Dex: 13    Spells: 3/17 levels left

rFire   . . .      SeeInvis .   (no weapon)
rCold   . . .      Faith    .   (no shield)
rNeg    . . .      Spirit   .   a - +0 robe
rPois   .          Reflect  .   (no helmet)
rElec   .          Harm     .   (no cloak)
rCorr   .          Rampage  .   (no gloves)
Will    .....                   (no boots)
Stlth   ++........              (no amulet)
HPRegen 0.11/turn               (no ring)
MPRegen 0.15/turn               (no ring)

@: lethally poisoned (-4 -> -6)
A: no striking features
a: Renounce Religion, Curse Item


You were on level 5 of the Dungeon.
You worshipped Ashenzari.
Ashenzari was noncommittal.
You visited 2 branches of the dungeon, and saw 6 of its levels.
You also visited: Sewer.

You collected 197 gold pieces.

Inventory:

Armour
 a - a +0 robe (worn)
Jewellery
 d - a ring of wizardry
Scrolls
 c - 2 scrolls of fog
 e - 3 scrolls of identify {unknown}
 i - a scroll of magic mapping {unknown}
 j - a scroll of summoning {unknown}
 m - a scroll of teleportation {unknown}
Potions
 b - 2 potions of degeneration {unknown}
 f - a potion of lignification {unknown}
 g - a potion of mutation {unknown}
 h - a potion of invisibility {unknown}
 k - a potion of heal wounds {unknown}
 l - a potion of might {unknown}


   Skills:
 + Level 0.7 Fighting
 + Level 3.0 Dodging
 + Level 3.0 Stealth
 + Level 6.2 Spellcasting
 - Level 6.0 Conjurations


You had 3 spell levels left.
You knew the following spells:

 Your Spells              Type           Power      Damage    Failure   Level
a - Magic Dart            Conj           100%       1d8       1%          1
b - Searing Ray           Conj           74%        2d7       1%          2
c - Dazzling Flash        Conj/Hex       44%        N/A       6%          3
d - Fulminant Prism       Conj/Hex       11%        3d9       22%         4
e - Iskenderun's Mystic   Conj/Tloc      22%        2d6       22%         4

Your spell library contained the following spells:

 Spells                   Type           Power      Damage    Failure   Level
 Sting                    Tmut/Pois      28%        1d4       8%          1
 Poisonous Vapours        Pois/Air       14%        N/A       11%         2
 Scorch                   Fire           14%        2d5       11%         2
 Flame Wave               Conj/Fire      22%        2d7       22%         4
 Olgreb's Toxic Radiance  Pois           7%         N/A       58%         4
 Summon Cactus Giant      Summ           3%         N/A       100%        6
 Ozocubu's Refrigeration  Ice            3%         4d5       100%        7
 Ignition                 Fire           3%         3d4       100%        8


Dungeon Overview and Level Annotations

Branches:
Dungeon (5/15)             Temple (1/1) D:4           Sewer (visited)

Altars:
Ashenzari
Cheibriados
Hepliaklqana
Kikubaaqudgha
Makhleb
Sif Muna
Trog
Uskayaw
Vehumet
Wu Jian
Zin

Annotations:
D:4 exclusion: phantom
D:5 Dowan, Duvessa


Message History

The searing ray hits Duvessa.
Duvessa is lightly wounded.
The searing ray hits Dowan!
Dowan is moderately wounded.
Dowan casts a spell.
Dowan blinks!
The searing ray hits Duvessa but does no damage.
Duvessa is lightly wounded.
You finish channelling your searing ray.
Duvessa barely misses you.
Casting: Searing Ray (safe; 1% risk of failure)
Confirm with . or Enter, or press ? or * to list all spells.
Aiming: Searing Ray (safe; 1% risk of failure)
Press: ? - help, Shift-Dir - straight line, f/p - Duvessa
Aim: Duvessa, wielding a +2 short sword of venom and wearing a +0 chain mail (lightly wounded, 88% to hit)
The searing ray hits Duvessa!
Duvessa is heavily wounded. (Press . to maintain the ray.) Duvessa hits you with a +2 short sword of venom.
You are poisoned.
The searing ray hits Duvessa but does no damage.
Duvessa is moderately wounded.
You feel very sick.
Duvessa hits you with a +2 short sword of venom!
The searing ray hits Duvessa.
Duvessa is heavily wounded.
The searing ray hits Dowan but does no damage.
Dowan is moderately wounded.
You feel sick.
You feel sick.
You feel sick.
Duvessa says, "Where magic fails, the sword succeeds!"
You feel sick.
Duvessa hits you with a +2 short sword of venom.
* * * LOW HITPOINT WARNING * * *
There is an open door, spattered with blood here.
As you read the scroll labelled TUF NAILEEPN, it crumbles to dust.
The scroll dissolves into smoke.
It was a scroll of fog.
You feel sick.
Duvessa hits you with a +2 short sword of venom!
You die...

.......#...............#...
.......#.....[..########...
#......#.......##≈≈≈≈≈≈##..
+......#>......#≈§...§≈≈#..
#......#+##.####≈..≈...≈#'#
#.....e...#'####≈....≈.≈#..
#.......§.#§§..'..≈....≈#..
#........§#§§..#≈...≈..≈#..
+........e@§..##≈≈....≈≈#..
#........§###+###≈≈≈≈≈≈##..
######..§§......########...
#...........#.........
#...........#........>
#...........+.......†.
#.....<.....######....
#########........#....
+........#....


You could see Duvessa and Dowan.

Vanquished Creatures
  An ogre (D:2)
  A bullfrog zombie (D:5)
  An iguana (D:5)
  A hound skeleton (D:4)
  4 adders
  A river rat (D:4)
  2 worms (D:4)
  An orc (D:4)
  4 bats
  6 endoplasms
  5 giant cockroaches
  3 hobgoblins
  3 jackals (D:1)
  8 kobolds
  5 quokkas
  14 ball pythons
  4 frilled lizards
  4 goblins
  5 rats
73 creatures vanquished.

Vanquished Creatures (others)
  A fulminant prism (Sewer)
1 creature vanquished.

Grand Total: 74 creatures vanquished

Notes
Turn   | Place    | Note
-------+----------+-------------------------------------------
     0 | D:1      | Woods the Deep Elf Conjurer began the quest for the Orb.
     0 | D:1      | Reached XP level 1. HP: 10/10 MP: 6/6
    84 | D:1      | Found a faded altar of an unknown god.
   329 | D:1      | Reached XP level 2. HP: 15/15 MP: 3/8
  1078 | D:2      | Noticed an ogre
  1117 | D:2      | Reached skill level 5 in Conjurations
  1117 | D:2      | Reached XP level 3. HP: 14/19 MP: 5/10
  1208 | D:2      | Learned a level 2 spell: Searing Ray
  1212 | D:2      | Learned a level 3 spell: Dazzling Flash
  1294 | D:2      | Found a bloodstained altar of Trog.
  1515 | D:2      | Killed an ogre
  1516 | D:2      | Reached skill level 5 in Spellcasting
  1516 | D:2      | Reached XP level 4. HP: 24/24 MP: 1/13
  1929 | D:3      | Reached XP level 5. HP: 28/28 MP: 9/14
  2238 | D:3      | Found a hazy altar of Hepliaklqana.
  2239 | D:3      | Found an ornate altar of the Wu Jian Council.
  2767 | D:4      | Found a glowing drain.
  2771 | Sewer    | Entered a sewer
  2779 | Sewer    | Learned a level 4 spell: Fulminant Prism
  2784 | Sewer    | Learned a level 4 spell: Iskenderun's Mystic Blast
  3011 | Sewer    | Noticed Pargi
  3558 | D:4      | Found a staircase to the Ecumenical Temple.
  3565 | Temple   | Entered the Ecumenical Temple
  3573 | Temple   | Became a worshipper of Ashenzari the Shackled
  3704 | D:4      | Noticed a necrophage
  3956 | D:4      | Noticed a phantom
  4184 | D:4      | Found a shimmering blue altar of Sif Muna.
  4343 | D:5      | Entered Level 5 of the Dungeon
  4413 | D:5      | Reached XP level 6. HP: 28/33 MP: 9/17
  4543 | D:5      | Noticed Duvessa
  4545 | D:5      | Noticed Dowan
  4557 | D:5      | Slain by Duvessa

Illustrated notes

Levels and vault maps discovered:
D:1:      mushboom_english_gardens, layout_basic,
          hellmonk_ecumenical_altar_slurped_away, chequers_garden
D:2:      layout_rooms, basic_altar, chequers_serial_rivers_small_b,
          nicolae_figureground_pulse
D:3:      layout_loops_ring, chequers_temple_overflow_statue_of_worship
D:4:      layout_loops_ring, lemuel_blue_sif_altar, temple_green,
          lightli_sewer_entry_pipes, dk_noncrumbling_2,
          chequers_serial_rivers_marsh, item_on_display_a
D:5:      minmay_chambers_of_threes, layout_gridville, kennysheep_another_room,
          uniq_duvessa
Temple:   eino_narrow_crystal_temple

Skill      XL: |  1  2  3  4  5 |
---------------+----------------+-----
Spellcasting   | 4 5 6 |  6.2
Conjurations   | 5 6 |  6.0
Dodging        | 3 |  3.0
Stealth        | 3 |  3.0
Fighting       | |  0.7

Action                   |  1- 3 |  4- 6 || total
-------------------------+-------+-------++-------
 Cast: Magic Dart        |    64 |    79 ||   143
       Dazzling Flash    |     1 |     1 ||     2
       Searing Ray       |       |     8 ||     8
       Fulminant Prism   |       |     1 ||     1
  Use: Scroll            |       |     1 ||     1
Armor: Robe              |       |     5 ||     5
Dodge: Dodged            |     4 |    14 ||    18
